 Dungeon Crawl Stone Soup version 0.15.2 (webtiles) character file.

120 Heini the Covered (level 4, -2/41 HPs)
             Began as a Minotaur Fighter on Feb 6, 2015.
             Slain by Arvee's ghost (5 damage)
             ... on Level 3 of the Dungeon.
             The game lasted 00:05:46 (2036 turns).

Heini the Covered (Minotaur Fighter)                Turns: 2036, Time: 00:05:47

HP  -2/41        AC  8     Str 26      XL: 4   Next: 75%
MP   2/2         EV  7     Int  5      God:
Gold 114         SH 10     Dex 10      Spells:  0 memorised,  3 levels left

rFire  . . .     SeeInvis .     a - +0 flail
rCold  . . .     Clarity  +     b - +1 scale mail
rNeg   . . .     rCorr    .     c - +0 shield
rPois  .         rRot     .     (helmet restricted)
rElec  .         Spirit   .     (no cloak)
SustAb .         Warding  .     (no gloves)
rMut   .         Stasis   .     (no boots)
Gourm  .                        f - amulet of clarity
MR     .....                    (no ring)
                                (no ring)

@: mighty, very slightly contaminated, invisible, not resistant to hostile
enchantments, extremely unstealthy
A: retaliatory headbutt, horns 2
a: no special abilities


You were on level 3 of the Dungeon.
You were not hungry.

You visited 1 branch of the dungeon, and saw 3 of its levels.

You collected 114 gold pieces.

Inventory:

Hand weapons
 a - a +0 flail (weapon)
Armour
 b - a +1 scale mail (worn)
 c - a +0 shield (worn)
 p - a +0 plate armour
Magical devices
 h - a wand of fireball (3) {unknown}
Comestibles
 d - 2 bread rations
 g - 2 beef jerkies
 m - a rotting chunk of bat flesh
Jewellery
 f - an amulet of clarity (around neck)
Potions
 e - 2 potions of might
 i - a potion of invisibility
 j - 3 potions of curing
 k - a potion of resistance
 l - a potion of magic
 o - a potion of cancellation {unknown}
 r - a potion of agility {unknown}
Books
 q - a book of the Tempests

   Spells                             Type                      Level
   Static Discharge                   Conjuration/Air              3
   Lightning Bolt                     Conjuration/Air              5
   Fireball                           Conjuration/Fire             5
   Tornado                            Air                          9
   Shatter                            Earth                        9


   Skills:
 * Level 4.7 Fighting
 * Level 3.3 Maces & Flails
 * Level 5.4 Armour
 - Level 3.6 Shields


You had 3 spell levels left.
You didn't know any spells.

Dungeon Overview and Level Annotations

Branches:
Dungeon (3/15)

Altars:

Annotations:
D:3 Arvee's ghost, average DDFi


Innate Abilities, Weirdness & Mutations

You reflexively headbutt those who attack you in melee.
You have a pair of horns on your head.


Message History

You fade into invisibility!
It was a potion of invisibility.
The green rat splashes around in the water.
Arvee's ghost hits you.
* * * LOW HITPOINT WARNING * * *
You are very lightly contaminated with residual magic.
There are monsters nearby!
There are no items here.
Your unstable footing causes you to fumble your attack.
The green rat splashes around in the water.
You block Arvee's ghost's attack.
Drink which item? (? for menu, Esc to quit)
You feel very mighty all of a sudden.
You hear the brisk rusting of a drain.
The green rat bites you but does no damage.
You block Arvee's ghost's attack.
Your unstable footing causes you to fumble your attack.
The green rat splashes around in the water.
Arvee's ghost hits you.
You die...

≈≈≈#.........# #....<#
≈≈≈#.........#### #.%#..#
####............# #..# .#
................# #..# #
...............(###########..#
............................>#
#.....##........##....#####.##
#.....##.#########....#
#.#####
#.....####.≈≈≈lr@######
#...... ###'### #.#######W#
#..#### #.# #.# #..#..
###.##### #≈# #..#.##
#.......# #≈# #..#...
#.#.##### #.# #..#...
........# #≈# #..%...
........# #.# ##.#...
####..### ##≈# #.#.##


You could see Arvee's ghost, a green rat and a giant gecko.

Vanquished Creatures
  5 adders
  A worm (D:2)
  3 giant geckos
  An orc (D:3)
  11 bats
  4 giant cockroaches
  7 goblins
  6 hobgoblins
  7 jackals
  An ooze (D:2)
  2 ball pythons
  7 kobolds
  12 rats
67 creatures vanquished.

Notes
Turn   | Place    | Note
--------------------------------------------------------------
     0 | D:1      | Heini, the Minotaur Fighter, began the quest for the Orb.
     0 | D:1      | Reached XP level 1. HP: 19/19 MP: 1/1
   130 | D:1      | Reached skill level 4 in Armour
   132 | D:1      | Reached XP level 2. HP: 21/27 MP: 1/1
   695 | D:2      | Reached XP level 3. HP: 13/33 MP: 2/2
  1068 | D:2      | Reached skill level 5 in Armour
  1068 | D:2      | Reached XP level 4. HP: 28/41 MP: 2/2
  2020 | D:3      | Noticed Arvee's ghost (average DDFi)
  2036 | D:3      | Slain by Arvee's ghost

Action                   |  1- 3 |  4- 6 || total
-------------------------+-------+-------++-------
Melee: Flail             |    96 |    75 ||   171
  Use: Scroll            |       |     3 ||     3
       Potion            |       |     3 ||     3
  Eat: Chunk             |       |     4 ||     4
